 Dungeon Crawl Stone Soup version 0.18.1-48-g4cf74bf (webtiles) character file.

72 Neeto the Cudgeler (level 4, 0/35 HPs)
             Began as a Formicid Abyssal Knight on July 15, 2016.
             Was a Believer of Lugonu.
             Slain by an orc (3 damage)
             ... on level 2 of the Dungeon.
             The game lasted 00:05:10 (2139 turns).

Neeto the Cudgeler (Formicid Abyssal Knight)        Turns: 2139, Time: 00:05:11

Health: 0/35       AC:  5    Str: 16    XL:     4   Next: 48%
Magic:  5/5        EV: 11    Int: 12    God:    Lugonu [**....]
Gold:   109        SH:  0    Dex: 11    Spells: 0 memorised, 3 levels left

rFire  . . .     SeeInvis +     q - +0 flail
rCold  . . .     Gourm    .     b - +0 leather armour
rNeg   . . .     Faith    .     (no shield)
rPois  .         Spirit   .     (helmet unavailable)
rElec  .         Dismiss  .     g - +1 cloak
rCorr  .         Reflect  .     (no gloves)
SustAt .         Harm     .     (no boots)
MR     .....                    (no amulet)
Stlth  +.........               (no ring)
                                (no ring)

@: not resistant to hostile enchantments, very unstealthy
A: permanent stasis, dig shafts and tunnels, four strong arms, antennae 3
a: Dig, Shaft Self, Depart the Abyss, Bend Space, Renounce Religion


You were on level 2 of the Dungeon.
You worshipped Lugonu.
Lugonu was pleased with you.
You were not hungry.

You visited 1 branch of the dungeon, and saw 3 of its levels.
You visited the Abyss 1 time.

You collected 109 gold pieces.

Inventory:

Hand Weapons
 q - a +0 flail (weapon)
Armour
 b - a +0 leather armour (worn)
 g - a +1 cloak (worn)
Scrolls
 e - a scroll of identify
 h - 2 scrolls of teleportation
Potions
 a - a potion of haste {unknown}
 d - a potion of heal wounds
 f - a potion of cancellation {unknown}
 i - a potion of cure mutation {unknown}
 m - 2 potions of flight {unknown}
 p - a potion of might {unknown}
Comestibles
 c - a bread ration
 k - 4 chunks of flesh


   Skills:
 - Level 3.2 Fighting
 + Level 4.4 Maces & Flails
 - Level 2.1 Armour
 - Level 0.8 Dodging
 - Level 2.1 Invocations


You had 3 spell levels left.
You didn't know any spells.

Dungeon Overview and Level Annotations

Branches:
Dungeon (3/15)

Altars:
Pakellas


Innate Abilities, Weirdness & Mutations

You are under a permanent stasis effect.
You can dig through walls and to a lower floor.
Your four strong arms can wield two-handed weapons with a shield.
You have a pair of large antennae on your head (SInv).


Message History

The orc hits you from afar with a trident of piercing.
* * * LOW HITPOINT WARNING * * *
x2 The orc hits you.
* * * LOW HITPOINT WARNING * * *
You climb upwards.
There is a stone staircase leading down here.
You hit the orc.
The orc is heavily wounded.
The orc closely misses you.
You hit the orc.
The orc is severely wounded.
The orc barely misses you.
You barely miss the orc.
The orc is severely wounded.
The orc hits you.
* * * LOW HITPOINT WARNING * * *
You barely miss the orc.
The orc is severely wounded.
The orc closely misses you. The orc hits you.
You die...

######. #......
##*### #.####.
#.,..# ####.#....
#.##.#####....#.###
*..#.##(......#....
*#.#.##.##.##.##..#
#o#.##.##.##.#<...
#@................
###+####.###.#..####
#....###.# #.#......
#....#...###<#..####
#....#.####.........
#....'.####..[......
#....#..............
#....#..............
#######.....#.##.##.


You could see an orc.

Vanquished Creatures
  An ooze (D:2)
  6 dart slugs
  A giant gecko (D:1)
  7 orcs
  2 bats
  A giant cockroach (D:2)
  5 goblins
  5 hobgoblins (D:1)
  3 jackals (D:1)
  2 quokkas (D:2)
  3 kobolds
  8 rats
44 creatures vanquished.

Notes
Turn   | Place    | Note
--------------------------------------------------------------
     0 | Abyss:1  | Neeto the Formicid Abyssal Knight began the quest for the Orb.
     0 | Abyss:1  | Reached XP level 1. HP: 18/18 MP: 2/2
    28 | Abyss:1  | Noticed a freezing wraith
    38 | Abyss:1  | Noticed a small abomination
    40 | D:1      | Escaped the Abyss
   115 | D:1      | Reached XP level 2. HP: 20/24 MP: 3/3
   185 | D:1      | Reached skill level 3 in Maces & Flails
   817 | D:1      | Reached XP level 3. HP: 28/29 MP: 4/4
  1001 | D:1      | Reached ** piety under Lugonu
  1749 | D:2      | Reached skill level 4 in Maces & Flails
  1749 | D:2      | Reached XP level 4. HP: 34/35 MP: 5/5
  1862 | D:2      | Found an oddly glowing altar of Pakellas.
  2139 | D:2      | Slain by an orc

Skill      XL: |  1  2  3 |
---------------+----------+-----
Maces & Flails | 3 4 |  4.4
Fighting       | |  3.2
Armour         | |  2.1
Dodging        | |  0.8
Invocations    | |  2.1

Action                   |  1- 3 |  4- 6 || total
-------------------------+-------+-------++-------
Melee: Mace              |   105 |       ||   105
       Flail             |     2 |    46 ||    48
  Use: Scroll            |       |     9 ||     9
  Eat: Chunk             |     3 |     1 ||     4
Armor: Leather armour    |    27 |    12 ||    39
Dodge: Dodged            |    59 |    34 ||    93
